 Dungeon Crawl Stone Soup version 0.28-a0-1567-g1695149f81 (webtiles) character file.

Game seed: 10914685694849401977

695 Clumpoid the Chiller (level 7, -1/53 HPs)
             Began as a Gnoll Wanderer on Jan 19, 2022.
             Slain by an ogre (17 damage)
             ... on level 5 of the Dungeon.
             The game lasted 00:04:08 (5658 turns).

Clumpoid the Chiller (Gnoll Wanderer)               Turns: 5658, Time: 00:04:08

Health: -1/53      AC:  6    Str: 11    XL:     7   Next: 64%
Magic:  13/15      EV: 11    Int: 15    God:
Gold:   59         SH:  0    Dex: 16    Spells: 16/17 levels left

rFire   . . .      SeeInvis .   c - +3 dagger (speed)
rCold   . . .      Faith    .   (no shield)
rNeg    . . .      Spirit   .   b - +1 ring mail
rPois   .          Reflect  .   (no helmet)
rElec   .          Harm     .   (no cloak)
rCorr   +          Rampage  .   (no gloves)
Will    .....                   (no boots)
Stlth   ++........              (no amulet)
HPRegen 0.17/turn               d - +6 ring of dexterity
MPRegen 0.14/turn               a - ring of resist corrosion

@: no status effects
A: fangs 1, strong nose, distributed training
a: no special abilities


You were on level 5 of the Dungeon.
You visited 1 branch of the dungeon, and saw 5 of its levels.

You collected 59 gold pieces.

Inventory:

Hand Weapons
 c - a +3 dagger of speed (weapon)
Armour
 b - a +1 ring mail (worn)
Jewellery
 a - a ring of resist corrosion (right hand)
 d - a +6 ring of dexterity (left hand)
Scrolls
 f - a scroll of identify
 g - a scroll of teleportation
Potions
 e - a potion of mutation
 h - 2 potions of curing {unknown}
 i - a potion of lignification {unknown}


   Skills:
 + Level 3.7 Fighting
 + Level 2.6 Short Blades
 + Level 2.6 Long Blades
 + Level 2.6 Axes
 + Level 2.6 Maces & Flails
 + Level 2.6 Polearms
 + Level 2.6 Staves
 + Level 2.6 Slings
 + Level 2.6 Bows
 + Level 2.6 Crossbows
 + Level 2.6 Throwing
 + Level 3.7 Armour
 + Level 2.6 Dodging
 + Level 3.5 Stealth
 + Level 2.6 Shields
 + Level 2.6 Unarmed Combat
 + Level 5.7 Spellcasting
 + Level 2.1 Conjurations
 + Level 4.4 Hexes
 + Level 2.1 Summonings
 + Level 2.1 Necromancy
 + Level 2.1 Translocations
 + Level 2.1 Transmutations
 + Level 2.1 Fire Magic
 + Level 5.9 Ice Magic
 + Level 2.1 Air Magic
 + Level 2.1 Earth Magic
 + Level 2.1 Poison Magic
 + Level 2.9 Invocations
 + Level 2.6 Evocations


You had 16 spell levels left.
You knew the following spells:

 Your Spells              Type           Power      Damage    Failure   Level
z - Freeze                Ice            88%        1d10      3%          1

Your spell library contained the following spells:

 Spells                   Type           Power      Damage    Failure   Level
 Slow                     Hex            68%        N/A       6%          1
 Ensorcelled Hibernation  Hex/Ice        38%        N/A       6%          2
 Ozocubu's Armour         Ice            22%        N/A       9%          3
 Animate Skeleton         Necr           20%        N/A       14%         1
 Apportation              Tloc           20%        N/A       14%         1
 Pain                     Necr           40%        1d6       14%         1
 Summon Small Mammal      Summ           40%        N/A       14%         1
 Inner Flame              Hex/Fire       14%        N/A       26%         3
 Summon Guardian Golem    Hex/Summ       14%        N/A       26%         3
 Conjure Flame            Conj/Fire      10%        6-21      41%         3
 Ignite Poison            Fire/Tmut/Pois 10%        N/A       41%         3
 Vampiric Draining        Necr           10%        2d6       41%         3
 Sticky Flame             Conj/Fire      10%        2d3       82%         4
 Orb of Destruction       Conj           5%         9d5       100%        7
 Spellforged Servitor     Conj/Summ      5%         N/A       100%        7


Dungeon Overview and Level Annotations

Branches:
Dungeon (5/15)
 Temple: D:4-7

Altars:

Shops:
D:5 (=


Innate Abilities, Weirdness & Mutations

You have very sharp teeth.
Your uncanny sense of smell can sniff out nearby items.
Your experience applies equally to all skills.


Message History

You puncture the hound skeleton!
The hound skeleton is moderately damaged.
You hit the hound skeleton.
The hound skeleton is severely damaged.
The hound skeleton closely misses you.
You hit the hound skeleton.
The hound skeleton is severely damaged.
The hound skeleton bites you.
You hit the hound skeleton.
The hound skeleton is almost destroyed.
The hound skeleton completely misses you.
You barely miss the hound skeleton.
The hound skeleton is almost destroyed.
You hit the hound skeleton.
You destroy the hound skeleton!
There is an entrance to Noajeakle's Weapon Boutique here.
Search for what [Enter for "armor", or ? for help]? weapon An ogre comes into view.
It is wielding a +0 giant club.
There is an entrance to Noajeakle's Weapon Boutique here.
An orc and an adder come into view.
The ogre closely misses you.
Casting: Freeze (safe; 3% risk of failure)
Confirm with . or Enter, or press ? or * to list all spells.
You freeze the ogre!
The ogre is moderately wounded.
The orc shouts!
The adder hisses angrily.
The ogre completely misses you.
Casting: Freeze (safe; 3% risk of failure)
Confirm with . or Enter, or press ? or * to list all spells.
You freeze the ogre.
The ogre is moderately wounded.
The ogre hits you with a +0 giant club!!
You are too injured to fight recklessly!
You are too injured to fight recklessly!
You hit the ogre.
The ogre is heavily wounded.
You hit the ogre.
The ogre is severely wounded.
The ogre hits you with a +0 giant club!
You die...

... .. ...##. ... ..
#.... .. ... #.##....
... ...... ...... ..
....##.....# ....
...#o....∩.
.....##O..##.....
.....#.@S..#....#
................#
........∩.......##..
.....................
.....#)...†#####......
....?##...##............
........................
........................
##................##....


You could see an ogre, an adder and an orc.

Vanquished Creatures
  An ice beast (D:5)
  A necrophage (D:4)
  A centaur (D:4)
  A water moccasin zombie (D:5)
  A howler monkey (D:4)
  A bullfrog zombie (D:5)
  A hound (D:5)
  An iguana (D:2)
  2 orc wizards
  A hound skeleton (D:5)
  3 gnolls (D:4)
  3 adders
  An ufetubus (D:5)
  2 worms (D:3)
  4 dart slugs
  15 orcs
  6 bats
  4 endoplasms (D:1)
  5 giant cockroaches
  7 goblins
  5 hobgoblins
  5 jackals
  11 kobolds
  6 quokkas
  7 ball pythons
  4 frilled lizards
  8 rats
107 creatures vanquished.

Notes
Turn   | Place    | Note
-------+----------+-------------------------------------------
     0 | D:1      | Clumpoid the Gnoll Wanderer began the quest for the Orb.
     0 | D:1      | Clumpoid set off with the following items: a +0 club, a +0
                  | ring mail; and the following spells available to memorise:
                  | Freeze, Slow, Ensorcelled Hibernation, Ozocubu's Armour,
                  | Inner Flame
     0 | D:1      | Reached XP level 1. HP: 17/17 MP: 6/6
     2 | D:1      | Learned a level 1 spell: Freeze
   148 | D:1      | You fall into a shaft and drop 1 floor!
   170 | D:2      | Reached XP level 2. HP: 22/23 MP: 2/7
   268 | D:2      | Reached skill level 5 in Spellcasting
   268 | D:2      | Reached XP level 3. HP: 25/28 MP: 2/9
   373 | D:2      | Reached skill level 1 in Invocations
   507 | D:2      | Reached skill level 1 in Short Blades
   507 | D:2      | Reached skill level 1 in Long Blades
   507 | D:2      | Reached skill level 1 in Axes
   507 | D:2      | Reached skill level 1 in Maces & Flails
   507 | D:2      | Reached skill level 1 in Polearms
   507 | D:2      | Reached skill level 1 in Staves
   507 | D:2      | Reached skill level 1 in Slings
   507 | D:2      | Reached skill level 1 in Bows
   507 | D:2      | Reached skill level 1 in Crossbows
   507 | D:2      | Reached skill level 1 in Throwing
   507 | D:2      | Reached skill level 1 in Dodging
   507 | D:2      | Reached skill level 1 in Shields
   507 | D:2      | Reached skill level 1 in Unarmed Combat
   507 | D:2      | Reached skill level 1 in Evocations
   758 | D:1      | Reached XP level 4. HP: 34/34 MP: 9/11
  2058 | D:3      | Reached skill level 1 in Conjurations
  2058 | D:3      | Reached skill level 1 in Summonings
  2058 | D:3      | Reached skill level 1 in Necromancy
  2058 | D:3      | Reached skill level 1 in Translocations
  2058 | D:3      | Reached skill level 1 in Transmutations
  2058 | D:3      | Reached skill level 1 in Fire Magic
  2058 | D:3      | Reached skill level 1 in Air Magic
  2058 | D:3      | Reached skill level 1 in Earth Magic
  2058 | D:3      | Reached skill level 1 in Poison Magic
  2229 | D:3      | Reached XP level 5. HP: 8/40 MP: 7/12
  2996 | D:3      | Found a faded altar of an unknown god.
  2996 | D:3      | Noticed a hellion
  3435 | D:4      | Reached XP level 6. HP: 38/47 MP: 6/13
  3635 | D:4      | Noticed a necrophage
  3656 | D:4      | Killed a necrophage
  4724 | D:5      | Entered Level 5 of the Dungeon
  4736 | D:4      | Reached XP level 7. HP: 35/50 MP: 10/15
  5623 | D:5      | Found Noajeakle's Weapon Boutique.
  5641 | D:5      | Found Asisahen's Jewellery Shoppe.
  5658 | D:5      | Slain by an ogre

Illustrated notes

Levels and vault maps discovered:
D:1:      evilmike_arrival_come_back, layout_loops_corners
D:2:      layout_rooms, kennysheep_small_spiral
D:3:      layout_basic, dreamdust_ecumenical_altar_sealed_demon
D:4:      layout_basic
D:5:      layout_cave_pools, serial_shops, shop,
          nicolae_shop_bloodbath_and_beyond

Skill      XL: |  1  2  3  4  5  6  7 |
---------------+----------------------+-----
Spellcasting   | 5 |  5.7
Invocations    | 1 2 |  2.9
Short Blades   | 1 2 |  2.6
Long Blades    | 1 2 |  2.6
Axes           | 1 2 |  2.6
Maces & Flails | 1 2 |  2.6
Polearms       | 1 2 |  2.6
Staves         | 1 2 |  2.6
Slings         | 1 2 |  2.6
Bows           | 1 2 |  2.6
Crossbows      | 1 2 |  2.6
Throwing       | 1 2 |  2.6
Dodging        | 1 2 |  2.6
Shields        | 1 2 |  2.6
Unarmed Combat | 1 2 |  2.6
Evocations     | 1 2 |  2.6
Conjurations   | 1 2 |  2.1
Summonings     | 1 2 |  2.1
Necromancy     | 1 2 |  2.1
Translocations | 1 2 |  2.1
Transmutations | 1 2 |  2.1
Fire Magic     | 1 2 |  2.1
Air Magic      | 1 2 |  2.1
Earth Magic    | 1 2 |  2.1
Poison Magic   | 1 2 |  2.1
Fighting       | 3 |  3.7
Armour         | 3 |  3.7
Hexes          | 4 |  4.4
Stealth        | 3 |  3.5
Ice Magic      | |  5.9

Action                   |  1- 3 |  4- 6 |  7- 9 || total
-------------------------+-------+-------+-------++-------
Melee: Dagger            |       |    54 |    71 ||   125
       Bite              |       |     5 |    13 ||    18
       Punch             |       |       |     2 ||     2
 Cast: Freeze            |    37 |   142 |    39 ||   218
  Use: Scroll            |       |     8 |       ||     8
       Potion            |       |     1 |       ||     1
 Stab: Sleeping          |       |     1 |       ||     1
Armor: Ring mail         |    16 |    38 |    31 ||    85
Dodge: Dodged            |    19 |    68 |    43 ||   130

Table legend: (Time is in decaauts)
 A = Elapsed time spent in this place.
 B = Non-inter-level travel time spent in this place.
 C = Inter-level travel time spent in this place.
 D = Time resting spent in this place.
 E = Time spent auto-exploring this place.
 F = Levels seen in this place.
 G = Mean time per level.
                   A        B        C        D        E       F      G
               +--------+--------+--------+--------+--------+-----+--------+
         Total |   5607 |   5441 |    166 |   1689 |   3048 |   5 | 1121.4 |
       Dungeon |   5607 |   5441 |    166 |   1689 |   3048 |   5 | 1121.4 |
               +--------+--------+--------+--------+--------+-----+--------+

Top non-repeatable levels by time:
     D:4: 1625 daAuts
     D:3: 1226 daAuts
     D:1: 1146 daAuts
     D:2: 899 daAuts
     D:5: 710 daAuts
